 Dungeon Crawl Stone Soup version 0.27.1-33-g824d729ab1 (webtiles) character file.

Game seed: 10728855522195266888

37 Destapler the Charlatan (level 3, 0/26 HPs)
             Began as a Demonspawn Artificer on Dec 8, 2021.
             Slain by a quokka (4 damage)
             ... on level 2 of the Dungeon.
             The game lasted 00:03:11 (1087 turns).

Destapler the Charlatan (Demonspawn Artificer)      Turns: 1087, Time: 00:03:13

Health: 0/26       AC:  6    Str: 12    XL:     3   Next: 23%
Magic:  3/3        EV: 10    Int: 12    God:
Gold:   77         SH:  0    Dex: 14    Spells: 2/2 levels left

rFire    . . .     SeeInvis .   l - +0 dagger
rCold    . . .     Faith    .   (no shield)
rNeg     + . .     Spirit   .   k - +0 ring mail
rPois    .         Reflect  .   (helmet restricted)
rElec    .         Harm     .   (no cloak)
rCorr    .         Rampage  .   (no gloves)
Will     .....                  j - +0 pair of boots
Stlth    +.........             (no amulet)
HPRegen  0.08/turn              f - ring of positive energy
MPRegen  0.08/turn              (no ring)

@: no status effects
A: horns 1, powered by death 1
a: no special abilities


You were on level 2 of the Dungeon.
You visited 1 branch of the dungeon, and saw 2 of its levels.

You collected 77 gold pieces.

Inventory:

Hand Weapons
 a - a +0 club
 l - a +0 dagger (weapon)
Armour
 b - a +0 leather armour
 j - a +0 pair of boots (worn)
 k - a +0 ring mail (worn)
Jewellery
 f - a ring of positive energy (left hand)
Wands
 c - a wand of flame (7) (quivered)
 d - a wand of charming (15)
Potions
 g - a potion of flight {unknown}
Miscellaneous
 e - a piece from Xom's chessboard (15/15)


   Skills:
 + Level 1.6 Fighting
 + Level 2.1 Armour
 + Level 1.4 Dodging
 + Level 1.5 Stealth
 + Level 3.3 Evocations


You had 2 spell levels left.
You didn't know any spells.
Your spell library was empty.

Dungeon Overview and Level Annotations

Branches:
Dungeon (2/15)

Altars:


Innate Abilities, Weirdness & Mutations

You have a pair of small horns on your head.
You regenerate a little health from kills.


Message History

Your headbutt misses the giant cockroach.
The giant cockroach is severely wounded.
The giant cockroach closely misses you.
You hit the giant cockroach but do no damage.
The giant cockroach is severely wounded.
The giant cockroach bites you but does no damage.
You hit the giant cockroach but do no damage.
The giant cockroach is severely wounded.
The giant cockroach bites you.
* * * LOW HITPOINT WARNING * * *
You hit the giant cockroach but do no damage.
Your headbutt misses the giant cockroach.
The giant cockroach is severely wounded.
The giant cockroach bites you but does no damage.
The giant cockroach barely misses you.
You barely miss the giant cockroach.
The giant cockroach is severely wounded.
The giant cockroach barely misses you.
You hit the giant cockroach but do no damage.
The giant cockroach is severely wounded.
The giant cockroach bites you.
* * * LOW HITPOINT WARNING * * *
You hit the giant cockroach.
You kill the giant cockroach!
The rat bites you but does no damage. The quokka bites you.
* * * LOW HITPOINT WARNING * * *
You are too injured to fight recklessly!
Aiming: Throw Flame
Press: ? - help, Q - select action, (/) - cycle Shift-Dir - straight line, f - rat
Aim: a rat (71% to hit)
The puff of flame hits the rat!
You kill the rat!
The quokka closely misses you.
Aiming: Throw Flame
Press: ? - help, Q - select action, (/) - cycle Shift-Dir - straight line, f - quokka
Aim: a quokka (60% to hit)
The puff of flame hits the quokka.
The quokka is moderately wounded.
The quokka bites you.
You die...

#.. #.. #.. ##..
... .
#$#####...#
#.......#
......#.####...#
###.# #@# . #
#r# #.# # #.# #
#.# # ... ..#
..# #) #.


You could see a quokka.

Vanquished Creatures
  An adder (D:2)
  A worm (D:2)
  3 ball pythons
  4 endoplasms
  2 giant cockroaches
  4 hobgoblins
  2 kobolds
  A quokka (D:1)
  A bat (D:1)
  A frilled lizard (D:2)
  2 goblins
  2 rats (D:2)
24 creatures vanquished.

Notes
Turn   | Place    | Note
-------+----------+-------------------------------------------
     0 | D:1      | Destapler the Demonspawn Artificer began the quest for the
                  | Orb.
     0 | D:1      | Reached XP level 1. HP: 15/15 MP: 1/1
   151 | D:1      | Reached skill level 1 in Dodging
   151 | D:1      | Reached skill level 1 in Stealth
   297 | D:1      | You fall into a shaft and drop 1 floor!
   300 | D:2      | Gained mutation: You have a pair of small horns on your
                  | head. [demonic ancestry]
   300 | D:2      | Reached XP level 2. HP: 21/21 MP: 2/2
  1074 | D:2      | Gained mutation: You regenerate a little health from kills.
                  | [demonic ancestry]
  1074 | D:2      | Reached XP level 3. HP: 14/26 MP: 3/3
  1087 | D:2      | Slain by a quokka

Illustrated notes

Levels and vault maps discovered:
D:1:      matt_arrival_diagonals, layout_basic
D:2:      layout_loops_ring, uniq_crazy_yiuf_cottage, uniq_jessica

Skill      XL: |  1  2 |
---------------+-------+-----
Dodging        | 1 |  1.4
Stealth        | 1 |  1.5
Armour         | 2 |  2.1
Fighting       | |  1.6
Evocations     | |  3.3

Action                   || total
-------------------------++-------
Melee: Club              ||    10
       Dagger            ||    80
       Headbutt          ||    12
Evoke: Wand              ||     8
       Piece from Xom's  ||     1
  Use: Scroll            ||     3
       Potion            ||     1
Armor: Leather armour    ||     5
       Ring mail         ||    30
Dodge: Dodged            ||    58
